Map: Disco Bloodbath LE

Players

Borgof

  • Race: Zerg Zerg
  • League: Platinum
  • Spawn Location: 9:00

pHARM - Winner!

  • Race: Zerg Zerg
  • League: Platinum
  • Spawn Location: 3:00

VOD

Have the link to the VOD?

Description

Time

  • Played on: Sept. 14, 2019, 9:11 p.m.
  • Length: 10:08
Show
View Real Time Build Order
Export as new Build Order

Borgof Zerg 

Build Orders: Hatch First, Zergling Baneling 

Get SALT Encoding   

  12  0:01  Drone  
  13  0:08  Drone  
  14  0:18  Overlord  
  14  0:36  Drone x3  
  17  0:49  Drone  
  18  0:58  Hatchery  
  18  0:59  Drone, Extractor  
  17  1:09  Drone  
  18  1:19  Spawning Pool  
  18  1:20  Drone  
  18  1:30  Overlord  
  18  1:42  Drone  
  19  1:53  Drone  
  20  2:06  Metabolic Boost  
  20  2:08  Queen  
  22  2:10  Queen  
  22  2:12  Zergling x4  
  22  2:13  Zergling x2  
  27  2:23  Baneling Nest  
  27  2:24  Zergling x2  
  27  2:25  Zergling x2  
  28  2:32  Zergling x2  
  29  2:38  Zergling x2  
  29  2:42  Overlord  
  30  3:02  Zergling x6  
  33  3:06  Zergling x2  
  33  3:07  Zergling x2  
  33  3:09  Baneling  
  33  3:10  Baneling x4  
  35  3:16  Zergling x2  
  35  3:17  Zergling x6  
  39  3:42  Zergling x10  
  44  3:49  Lair  
  42  4:10  Zergling x2  
  41  4:24  Baneling  
  41  4:25  Baneling x3  
  41  4:38  Overlord  
  41  4:39  Overlord, Queen  
  43  4:45  Roach Warren  
  43  4:46  Drone  
  43  4:47  Extractor  
  43  4:49  Drone  
  43  4:50  Overlord  
  43  5:08  Drone x2  
  43  5:09  Drone  
  43  5:12  Drone x3  
  43  5:13  Drone x2  
  51  5:18  Overlord  
  51  5:31  Queen  
  51  5:33  Drone  
  54  6:00  Roach x5  
  54  6:01  Roach x3  
  70  6:06  Glial Reconstitution  
  70  6:26  Centrifical Hooks  
  70  6:33  Evolution Chamber  
  70  6:35  Evolution Chamber  
  68  6:51  Drone x3  
  75  6:54  Roach x2  
  75  6:55  Overlord x3  
  75  7:04  Zerg Ground Armor Level 1  
  75  7:07  Pneumatized Carapace  
  62  7:32  Roach x5  
  63  7:45  Roach x3  
  63  7:46  Zergling x2  
  63  7:47  Zergling x8  
  52  8:17  Roach  
  52  8:18  Roach x6  
  63  8:23  Queen x2  
  65  8:31  Roach x2  
  59  8:58  Roach x3  
  59  8:59  Roach x4  
  73  9:08  Drone  
  73  9:09  Drone  
  75  9:27  Overseer  
  75  9:38  Drone x2  
  75  9:40  Extractor  
  75  9:41  Drone x2  
  75  9:42  Drone x2, Extractor  
  75  9:43  Drone x2  
Show
View Real Time Build Order
Export as new Build Order

pHARM Zerg - Winner!

Build Orders: Hatch First 

Get SALT Encoding   

  12  0:02  Drone  
  13  0:20  Overlord  
  13  0:24  Drone  
  14  0:38  Drone x2  
  16  0:54  Hatchery  
  15  0:58  Drone x2  
  17  1:05  Drone  
  18  1:19  Spawning Pool  
  18  1:21  Drone  
  18  1:29  Drone  
  19  1:35  Extractor  
  19  1:39  Drone  
  19  1:49  Drone  
  20  1:58  Drone  
  21  2:06  Queen  
  21  2:07  Queen  
  25  2:09  Drone x2  
  27  2:18  Overlord  
  27  2:22  Overlord  
  27  2:29  Drone  
  28  2:38  Metabolic Boost  
  28  2:43  Zergling x6  
  31  2:56  Baneling Nest  
  30  3:04  Drone  
  30  3:05  Drone x3  
  34  3:17  Drone  
  34  3:18  Drone  
  36  3:28  Drone x2  
  38  3:37  Evolution Chamber  
  38  3:38  Evolution Chamber  
  36  3:44  Queen, Spine Crawler  
  36  3:47  Baneling  
  36  3:48  Baneling x3  
  37  3:51  Drone x7  
  44  4:33  Roach Warren  
  44  4:35  Drone  
  44  4:36  Overlord x2  
  44  4:37  Overlord  
  44  4:44  Zerg Missile Weapons Level 1  
  44  4:50  Overlord x2  
  44  4:56  Lair  
  44  4:57  Hatchery, Extractor  
  42  5:04  Drone  
  43  5:15  Roach x3  
  43  5:18  Drone x6  
  55  5:23  Extractor  
  55  5:25  Extractor  
  53  5:47  Overlord x2  
  53  5:58  Drone x6  
  53  6:01  Glial Reconstitution  
  59  6:09  Queen  
  61  6:18  Overlord x3  
  61  6:30  Roach x7  
  75  6:38  Hatchery, Roach x5  
  84  6:40  Zerg Missile Weapons Level 2  
  84  6:55  Roach x7  
  84  6:56  Roach  
  100  7:24  Hatchery  
  95  7:33  Roach x3  
  95  7:34  Roach x6  
  103  7:44  Drone  
  103  7:45  Drone x2  
  103  7:47  Overlord x4  
  106  7:56  Infestation Pit, Hydralisk Den  
  103  8:00  Drone  
  103  8:01  Drone x4  
  74  8:28  Drone  
  74  8:29  Drone x15  
  90  8:49  Drone x3  
  89  8:57  Extractor  
  89  8:58  Extractor  
  89  9:00  Spine Crawler  
  89  9:01  Spine Crawler  
  89  9:02  Spine Crawler  
  84  9:04  Roach x9  
  102  9:31  Roach x6  
  114  9:33  Evolution Chamber  
  113  9:44  Overlord x4  
Tags
 
Add a new tag
Caveats
  • Supply blocks, unpowered buildings, or Contaminate may cause inaccurate times.
  • Supply counts are checked every 10 seconds.